 Dungeon Crawl Stone Soup version 0.21.0-37-g46506fa5f3 (webtiles) character file.

356 Tali the Chopper (level 6, -1/57 HPs)
             Began as a Minotaur Fighter on Jan 31, 2018.
             Slain by a river rat (8 damage)
             ... in a sewer.
             The game lasted 00:09:01 (3578 turns).

Tali the Chopper (Minotaur Fighter)                 Turns: 3578, Time: 00:09:02

Health: -1/57      AC:  2    Str: 26    XL:     6   Next: 36%
Magic:  5/5        EV:  9    Int:  5    God:
Gold:   163        SH: 10    Dex: 11    Spells: 5/5 levels left

rFire    . . .     SeeInvis .   a - +0 war axe
rCold    . . .     Gourm    .   c - +0 shield
rNeg     . . .     Faith    .   u - +0 robe
rPois    .         Spirit   .   (helmet restricted)
rElec    .         Reflect  .   (no cloak)
rCorr    .         Harm     .   (no gloves)
MR       .....                  (no boots)
Stlth    +.........             (no amulet)
HPRegen  0.19/turn              (no ring)
MPRegen  0.09/turn              (no ring)

@: mighty, very slow
A: retaliatory headbutt, horns 2
a: no special abilities


You were in a sewer.
You were hungry.

You visited 1 branch of the dungeon, and saw 4 of its levels.
You also visited: Sewer.

You collected 163 gold pieces.

Inventory:

Hand Weapons
 a - a +0 war axe (weapon)
 v - a +0 hand crossbow
Missiles
 j - 53 sling bullets
 q - 17 bolts
 w - 8 poisoned needles
Armour
 c - a +0 shield (worn)
 u - a +0 robe (worn)
Jewellery
 n - an uncursed ring of resist corrosion {unknown}
Scrolls
 b - a scroll of blinking {unknown}
 e - 3 scrolls of remove curse
 m - 2 scrolls of amnesia
 o - 4 scrolls of teleportation
 p - a scroll of immolation
 r - 2 scrolls of magic mapping
 s - 2 scrolls of fog {unknown}
Potions
 h - a potion of flight {unknown}
 i - a potion of cancellation {unknown}
 l - 2 potions of brilliance
 t - a potion of agility
Comestibles
 f - 6 rations


   Skills:
 * Level 5.6 Fighting
 + Level 6.5 Axes
 - Level 4.1 Armour
 - Level 3.7 Shields


You had 5 spell levels left.
You didn't know any spells.

Dungeon Overview and Level Annotations

Branches:
Dungeon (4/15)
 Temple: D:4-7

Altars:

Shops:
D:4 (


Innate Abilities, Weirdness & Mutations

You reflexively headbutt those who attack you in melee.
You have a pair of horns on your head.


Message History

* * * LOW HITPOINT WARNING * * *
You block the rat's attack. The river rat barely misses you.
You furiously retaliate!
You headbutt the river rat. You hit the rat but do no damage.
The rat is severely wounded.
You closely miss the river rat. x2; The river rat closely misses you.
You block the rat's attack. The river rat bites you.
* * * LOW HITPOINT WARNING * * *
You feel very mighty all of a sudden. The river rat barely misses you.
The rat splashes around in the water.
The river rat barely misses you.
Your unstable footing causes you to fumble your attack.
The river rat bites you.
* * * LOW HITPOINT WARNING * * *
The rat splashes around in the water.
You block the river rat's attack. The river rat bites you.
* * * LOW HITPOINT WARNING * * *
Your unstable footing causes you to fumble your attack.
You block the rat's attack. The river rat bites you!
You die...

. ####################...
###.#≈≈≈≈≈≈≈≈≈≈†r≈≈≈.....
#...≈≈≈≈≈≈≈≈.≈.≈@≈≈≈≈....
.....≈≈≈≈≈≈≈.(.rr†≈≈≈....
.....≈≈≈≈≈≈≈≈.≈≈≈≈≈≈.....
....≈≈≈≈≈≈≈≈≈≈.≈≈≈≈≈≈...#
.....≈≈≈≈≈≈≈≈≈≈≈≈≈≈≈#.###
...####################
..#### ..#..# ..'..#


You could see 2 river rats and a rat.

Vanquished Creatures
  The ghost of Jannitor the Thaumaturge, an amateur GnWn (D:3)
  An orc priest (D:4)
  A bullfrog skeleton (D:3)
  A worker ant (D:4)
  7 adders
  2 river rats (Sewer)
  An ooze (D:2)
  4 worms
  A dart slug (D:1)
  13 orcs
  7 ball pythons
  6 bats
  4 giant cockroaches
  5 goblins
  7 hobgoblins
  7 kobolds
  A quokka (D:3)
  5 frilled lizards
  A jackal skeleton (D:4)
  31 rats
106 creatures vanquished.

Notes
Turn   | Place    | Note
-------+----------+-------------------------------------------
     0 | D:1      | Tali the Minotaur Fighter began the quest for the Orb.
     0 | D:1      | Reached XP level 1. HP: 19/19 MP: 0/0
   243 | D:1      | Reached XP level 2. HP: 27/27 MP: 1/1
  1013 | D:2      | Reached skill level 3 in Axes
  1016 | D:2      | Reached XP level 3. HP: 31/33 MP: 2/2
  1453 | D:3      | Noticed Jannitor's ghost (amateur GnWn)
  1468 | D:3      | Killed Jannitor's ghost
  1468 | D:3      | Reached skill level 5 in Axes
  1468 | D:3      | Reached XP level 4. HP: 23/41 MP: 3/3
  1479 | D:3      | Reached XP level 5. HP: 19/47 MP: 4/4
  2176 | D:3      | Reached skill level 5 in Fighting
  2768 | D:4      | Found Xoaz's Weapon Shop.
  2777 | D:4      | Reached skill level 6 in Axes
  2960 | D:4      | Reached XP level 6. HP: 54/56 MP: 5/5
  3016 | D:4      | Found a glowing drain.
  3041 | Sewer    | Entered a sewer
  3578 | Sewer    | Slain by a river rat

Skill      XL: |  1  2  3  4  5 |
---------------+----------------+-----
Armour         | 4 |  4.1
Fighting       | 4 5 |  5.6
Axes           | 3 5 6 |  6.5
Shields        | |  3.7

Action                   |  1- 3 |  4- 6 || total
-------------------------+-------+-------++-------
Melee: War axe           |    84 |   139 ||   223
       Headbutt          |     9 |    13 ||    22
  Use: Scroll            |     5 |     4 ||     9
       Potion            |       |     2 ||     2
  Eat: Chunk             |     2 |     6 ||     8
Armor: Scale mail        |    18 |       ||    18
       Robe              |    12 |    19 ||    31
Dodge: Dodged            |    42 |    58 ||   100
Block: Shield            |    58 |    99 ||   157
